 Dungeon Crawl Stone Soup version 0.29-a0-323-g050149af67 (webtiles) character file.

Game seed: 12147338278706637902

9 Morbidden the Covered (level 2, 24/24 HPs)
             Began as a Demonspawn Fighter on Apr 10, 2022.
             Quit the game on level 1 of the Dungeon.
             The game lasted 00:00:11 (463 turns).

Morbidden the Covered (Demonspawn Fighter)           Turns: 463, Time: 00:00:12

Health: 24/24      AC:  6    Str: 16    XL:     2   Next: 6%
Magic:  2/2        EV:  8    Int:  9    God:
Gold:   10         SH:  4    Dex: 12    Spells: 1/1 levels left

rFire   . . .      SeeInvis .   a - +0 war axe
rCold   . . .      Faith    .   c - +0 buckler
rNeg    . . .      Spirit   .   b - +0 scale mail
rPois   .          Reflect  .   (no helmet)
rElec   .          Harm     .   (no cloak)
rCorr   .          Rampage  .   (no gloves)
Will    .....                   (no boots)
Stlth   ..........              (no amulet)
HPRegen 0.08/turn               (no ring)
MPRegen 0.08/turn               (no ring)

@: no status effects
A: demonic guardian 1
a: no special abilities


You were on level 1 of the Dungeon.
You visited 1 branch of the dungeon, and saw 1 of its levels.

You collected 10 gold pieces.

Inventory:

Hand Weapons
 a - a +0 war axe (weapon)
Armour
 b - a +0 scale mail (worn)
 c - a +0 buckler (worn)
Potions
 d - a potion of might
 e - a potion of degeneration {unknown}


   Skills:
 + Level 3.0 Fighting
 + Level 1.7 Axes
 + Level 3.1 Armour
 + Level 2.8 Shields


You had one spell level left.
You didn't know any spells.
Your spell library was empty.

Dungeon Overview and Level Annotations

Branches:
Dungeon (1/15)

Altars:

Shops:
D:1 :


Innate Abilities, Weirdness & Mutations

A weak demonic guardian rushes to your aid.


Message History

You slash the bat!
You kill the bat!
Key pressed, stopping explore.
No target in view!
Key pressed, stopping explore.
No target in view!
No target in view!
e - a fizzy cyan potion No target in view!
A quokka comes into view.
You hit the quokka but do no damage. The quokka bites you. x2
A quokka is nearby!
You closely miss the quokka. You block the quokka's attack.
The quokka bites you but does no damage.
A quokka is nearby!
You slash the quokka!
You kill the quokka!
Your Armour skill increases to level 3!
Key pressed, stopping explore.
No target in view!
Key pressed, stopping explore.
No target in view!
No target in view!
Found Nuliol's Book Shop.
No target in view!
A dart slug comes into view.
A dart slug is nearby!
Found 4 poisoned darts.
The dart slug launches a dart at you. The slug dart hits you.
A dart slug is nearby!
Found 6 gold pieces.
A dart slug is nearby!
You slash the dart slug!
You kill the dart slug!
You have reached level 2!
Your demonic ancestry asserts itself...
You feel the presence of a demonic guardian.
There is an entrance to Nuliol's Book Shop here.
Are you sure you want to abandon this character and quit the game? (Confirm with "yes".)

################
#...............
#.#####.#.######
######.## #.#.#
##..(....# #.#.#
#..#...#.# #.#.#
#...#.#..# #.#.#
#....@...# #.#.#
#.$.#.#..# #.#.#
#..#...#.# #.#
#......!.#
#..#####.## #.
.# #. .# .


There were no monsters in sight!

Vanquished Creatures
  2 dart slugs (D:1)
  A bat (D:1)
  A giant cockroach (D:1)
  A quokka (D:1)
5 creatures vanquished.

Notes
Turn   | Place    | Note
-------+----------+-------------------------------------------
     0 | D:1      | Morbidden the Demonspawn Fighter began the quest for the
                  | Orb.
     0 | D:1      | Reached XP level 1. HP: 18/18 MP: 1/1
   398 | D:1      | Found Nuliol's Book Shop.
   404 | D:1      | Gained mutation: A weak demonic guardian rushes to your
                  | aid. [demonic ancestry]
   404 | D:1      | Reached XP level 2. HP: 19/24 MP: 2/2
   463 | D:1      | Quit the game

Illustrated notes

Levels and vault maps discovered:
D:1:      dpeg_arrival_circle_labyrinth_c, layout_rooms,
          serial_co_window_serial, co_window_paths_a, co_window_paths_a,
          co_window_of_opportunity_a, co_window_paths_a, co_window_paths_a,
          co_window_broadway_b, co_window_paths_c, co_window_broadway_a,
          glass_columns_a, glass_columns_c,
          shapermc_ecumenical_altar_mp_ritualfount, serial_shops,
          nicolae_shop_advertising_works [nicolae_subvault_shop_adworks]

Skill      XL: |  1 |
---------------+----+-----
Armour         | 3 |  3.1
Fighting       | |  3.0
Axes           | |  1.7
Shields        | |  2.8

Action                   || total
-------------------------++-------
Melee: War axe           ||    18
Armor: Scale mail        ||    14
Dodge: Dodged            ||    11
Block: Buckler           ||     5

Table legend: (Time is in decaauts)
 A = Elapsed time spent in this place.
 B = Non-inter-level travel time spent in this place.
 C = Inter-level travel time spent in this place.
 D = Time resting spent in this place.
 E = Time spent auto-exploring this place.
 F = Levels seen in this place.
 G = Mean time per level.
                   A        B        C        D        E       F      G
               +--------+--------+--------+--------+--------+-----+--------+
         Total |    471 |    471 |      0 |      0 |    426 |   1 |  471.0 |
       Dungeon |    471 |    471 |      0 |      0 |    426 |   1 |  471.0 |
               +--------+--------+--------+--------+--------+-----+--------+

Top non-repeatable levels by time:
     D:1: 471 daAuts
